 Dungeon Crawl Stone Soup version 0.20-a0-396-gbf3f530 (webtiles) character file.

209 RumaTero the Cudgeler (level 5, 0/41 HPs)
             Began as a Demonspawn Abyssal Knight on Dec 31, 2016.
             Was a Believer of Lugonu.
             Killed from afar by an acid dragon (7 damage)
             ... with a splash of acid
             ... on level 4 of the Dungeon.
             The game lasted 00:07:23 (3124 turns).

RumaTero the Cudgeler (Demonspawn Abyssal Knight)   Turns: 3124, Time: 00:07:24

Health: 0/41       AC:  6    Str: 13    XL:     5   Next: 55%
Magic:  6/6        EV: 10    Int: 14    God:    Lugonu [**....]
Gold:   163        SH:  0    Dex: 12    Spells: 4/4 levels left

rFire  . . .     SeeInvis +     a - +1 mace
rCold  + . .     Gourm    .     r - +1 ring mail {rC+}
rNeg   + . .     Faith    .     (no shield)
rPois  .         Spirit   .     (no helmet)
rElec  .         Reflect  .     n - +0 cloak
rCorr  .         Harm     .     (no gloves)
MR     .....                    (no boots)
Stlth  +.........               (no amulet)
                                x - ring of positive energy
                                s - ring of see invisible

@: corroded
A: claws 1, molten scales 2, spiny 1
a: Depart the Abyss, Bend Space, Renounce Religion


You were on level 4 of the Dungeon.
You worshipped Lugonu.
Lugonu was pleased with you.
You were not hungry.

You visited 1 branch of the dungeon, and saw 4 of its levels.
You visited the Abyss 1 time.

You collected 163 gold pieces.

Inventory:

Hand Weapons
 a - a +1 mace (weapon)
 F - a +2 rapier of protection
Armour
 b - a +0 leather armour
 h - a +0 ring mail
 n - a +0 cloak (worn)
 r - a +1 ring mail of cold resistance (worn)
 u - a +0 buckler
Jewellery
 s - a ring of see invisible (left claw)
 x - a ring of positive energy (right claw)
Wands
 t - a wand of polymorph (3/24)
Scrolls
 e - 5 scrolls of identify {unknown}
 g - 3 scrolls of teleportation {unknown}
 l - a scroll of enchant weapon {unknown}
 m - 2 scrolls of remove curse {unknown}
 o - 2 scrolls of magic mapping {unknown}
 y - a scroll of amnesia {unknown}
 z - a scroll of enchant armour {unknown}
 E - 2 scrolls of immolation {unknown}
Potions
 f - 4 potions of mutation {unknown}
 i - a potion of haste {unknown}
 j - a potion of lignification {unknown}
 k - 2 potions of heal wounds {unknown}
 q - 2 potions of curing {unknown}
 v - a potion of magic {unknown}
 w - 2 potions of cure mutation {unknown}
 B - a potion of agility {unknown}
 D - a potion of flight {unknown}
Comestibles
 c - 2 bread rations
 d - 6 fruits
 p - a meat ration
 A - a royal jelly
 C - 6 chunks of flesh


   Skills:
 - Level 3.5 Fighting
 * Level 3.9 Maces & Flails
 - Level 2.2 Armour
 - Level 0.8 Dodging
 * Level 2.4 Shields
 - Level 2.4 Invocations


You had 4 spell levels left.
You didn't know any spells.

Dungeon Overview and Level Annotations

Branches:
Dungeon (4/15)
 Temple: D:4-7

Altars:
Okawaru

Annotations:
D:2 1 runed door


Innate Abilities, Weirdness & Mutations

You have sharp fingernails.
You are mostly covered in molten scales. (AC +3)
You are partially covered in sharp spines.


Message History

Aim: an ogre, wielding a giant spiked club (chance to defeat MR: 46%)
The ogre evaporates and reforms as a human!
Evoking this partially-identified wand wasted a few charges.
Evoke which item? (* to show all) (? for menu, Esc to quit)
Zapping:
t - a wand of polymorph (?/24) {zapped: 8} (will waste charges)
Press: ? - help, Shift-Dir - straight line, f/p - human
Aim: a human (chance to defeat MR: 46%)
The human evaporates and reforms as an acid dragon!
Evoking this partially-identified wand wasted a few charges.
The acid dragon spits acid at you. The splash of acid hits you!
The acid corrodes you!
You are splashed with acid!
The acid burns!
Found an escape hatch in the ceiling.
You see here an emerald ring.
The acid dragon spits acid at you. The splash of acid hits you!
You are splashed with acid!
The acid burns!
* * * LOW HITPOINT WARNING * * *
The acid dragon spits acid at you. The splash of acid hits you!
You die...

.................<........
######...#######.#.##.#...
....# #.#.##.#... ##.#.#
#..........
#.#.#########........
.......†..........
##########..#.#...
####.###................
.......@..######..###...
.......#..# #..# #.#.
####.#.#..# #..###.#. #
#.#..# #........ ..#..#
#####..#. #.#..#
########(.#O
#.#D=##.......(....
#.#..#.. .......(#≈ #..#.#
######..#≈


You could see an acid dragon.

Vanquished Creatures
  An orc wizard (D:4)
  A worker ant (D:4)
  6 adders
  An ooze (D:2)
  An adder skeleton (D:4)
  4 worms
  6 dart slugs
  A leopard gecko (D:3)
  5 orcs
  2 giant cockroaches
  11 goblins
  6 hobgoblins
  2 quokkas
  A ball python (D:3)
  8 bats
  9 frilled lizards
  7 kobolds
  5 rats
77 creatures vanquished.

Notes
Turn   | Place    | Note
-------+----------+-------------------------------------------
     0 | Abyss:1  | RumaTero the Demonspawn Abyssal Knight began the quest for the Orb.
     0 | Abyss:1  | Reached XP level 1. HP: 18/18 MP: 2/2
     0 | D:1      | Escaped the Abyss
   301 | D:1      | Gained mutation: You are partially covered in molten scales. (AC +2) [demonic ancestry]
   301 | D:1      | Reached XP level 2. HP: 19/24 MP: 3/3
   320 | D:1      | Reached * piety under Lugonu
  1101 | D:2      | Gained mutation: You are partially covered in sharp spines. [demonic ancestry]
  1101 | D:2      | Reached XP level 3. HP: 25/29 MP: 4/4
  1441 | D:2      | Found a runed door.
  1744 | D:3      | Reached ** piety under Lugonu
  1791 | D:3      | Gained mutation: You are mostly covered in molten scales. (AC +3) [demonic ancestry]
  1791 | D:3      | Reached XP level 4. HP: 35/35 MP: 5/5
  2098 | D:3      | Found an iron altar of Okawaru.
  2121 | D:3      | Reached skill level 1 in Shields
  2752 | D:4      | Gained mutation: You have sharp fingernails. [demonic ancestry]
  2752 | D:4      | Reached XP level 5. HP: 33/41 MP: 6/6
  3094 | D:4      | Noticed an ogre
  3114 | D:4      | Noticed a human
  3114 | D:4      | an ogre changed into a human
  3115 | D:4      | Noticed an acid dragon
  3115 | D:4      | a human changed into an acid dragon
  3124 | D:4      | Killed from afar by an acid dragon

Vault maps used:
D:1:      minmay_arrival_four_houses
D:2:      uniq_crazy_yiuf_cottage
D:3:      nicolae_overflow_hidden_temple
D:4:      kennysheep_goblin_castle, first_bread
Abyss:1:  lemuel_flamethrower_2

Skill      XL: |  1  2  3  4  5 |
---------------+----------------+-----
Maces & Flails | 2 3 |  3.9
Armour         | 2 |  2.2
Shields        | 1 2 |  2.4
Fighting       | |  3.5
Dodging        | |  0.8
Invocations    | |  2.4

Action                   |  1- 3 |  4- 6 || total
-------------------------+-------+-------++-------
Melee: Mace              |   122 |    86 ||   208
Invok: Depart the Abyss  |     1 |       ||     1
Evoke: Wand              |       |     4 ||     4
  Eat: Chunk             |     3 |     4 ||     7
Armor: Leather armour    |     4 |       ||     4
       Ring mail         |    37 |    28 ||    65
       Skin              |     4 |       ||     4
Dodge: Dodged            |    64 |    43 ||   107
